SKY
FRESNO FALCONS @ PITTSBURGH PIRATES
08/04/2051
 
TOP OF THE 1ST
Fresno Falcons batting - Pitching for Pittsburgh Pirates : RHP Rubin Morrison
Pitching: RHP Rubin Morrison
Batting: RHB Zach Pryor 0-0: Called Strike
0-1: Ball
1-1: Fly out, F3 (Popup, 3, EV 60.6 MPH)
Batting: RHB Aryan Christopherson 0-0: Called Strike
0-1: SINGLE (Groundball, 5S, EV 66.9 MPH) (infield hit)
Batting: LHB Juan Oliu 0-0: Called Strike
0-1: Foul Ball, location: 3SF
0-2: Ball
1-2: Fly out, F2 (Popup, 15S, EV 94.4 MPH)
Batting: LHB Connor Pla 0-0: Ball
1-0: Fly out, F8 (Line Drive, 8LD, EV 105.6 MPH)
Top of the 1st over - 0 runs, 1 hit, 0 errors, 1 left on base; Fresno 0 - Pittsburgh 0
BOTTOM OF THE 1ST
Pittsburgh Pirates batting - Pitching for Fresno Falcons : LHP Lyle Bramlage
Pitching: LHP Lyle Bramlage
Batting: LHB Dan Crain 0-0: Ball
1-0: Swinging Strike
1-1: Bunted foul
1-2: Fly out, F8 (Flyball, 78S, EV 89.4 MPH)
Batting: RHB David Dudley 0-0: Ball
1-0: Ground out 6-3 (Groundball, 6, EV 93.1 MPH)
Batting: LHB Jim Lunsford 0-0: Called Strike
0-1: Ball
1-1: Foul Ball, location: 25F
1-2: Ground out 4-3 (Groundball, 4, EV 83.8 MPH)
Bottom of the 1st over - 0 runs, 0 hits, 0 errors, 0 left on base; Fresno 0 - Pittsburgh 0
TOP OF THE 2ND
Fresno Falcons batting - Pitching for Pittsburgh Pirates : RHP Rubin Morrison
Batting: RHB Apolo Tussey 0-0: Ball
1-0: Called Strike
1-1: Ball
2-1: Ball
3-1: Called Strike
3-2: Base on Balls
Batting: RHB Eric Alvares 0-0: SINGLE (Line Drive, 8RS, EV 91.3 MPH)
Apolo Tussey to second
Batting: LHB Everett Hardin 0-0: DOUBLE (Line Drive, 7LS, EV 90.0 MPH)
Apolo Tussey scores
Eric Alvares to third
Batting: RHB José Ángel Ayon 0-0: Ball
Wild Pitch!
Eric Alvares scores
Everett Hardin to third
1-0: Swinging Strike
1-1: Ball
2-1: Foul Ball, location: 3F
2-2: Ground out U3 (Groundball, 34S, EV 88.1 MPH)
Everett Hardin scores
Batting: RHB Dong-Kyoon Shin 0-0: Fly out, F8 (Flyball, 8LD, EV 104.4 MPH)
Batting: RHB Zach Pryor 0-0: Ball
1-0: Ball
2-0: Ball
3-0: Called Strike
3-1: SINGLE (Groundball, 6M, EV 104.4 MPH) (infield hit)
Batting: RHB Aryan Christopherson 0-0: Called Strike
0-1: Ball
1-1: Ball
2-1: Ball
3-1: Swinging Strike
3-2: SINGLE (Line Drive, 6D, EV 95.0 MPH)
Zach Pryor to second
Zach Pryor to third
Batting: LHB Juan Oliu 0-0: Ball
1-0: Swinging Strike
1-1: Ball
2-1: SINGLE (Groundball, 4MD, EV 95.6 MPH)
Zach Pryor scores
Aryan Christopherson to second
Runner from 2nd tries for 3rd, SAFE, throw by CF made to third
Batting: LHB Connor Pla 0-0: Ball
1-0: Foul Ball, location: 2F
1-1: Ball
2-1: Foul Ball, location: 7LSF
2-2: Ball
3-2: Ground out U3 (Groundball, 34S, EV 86.3 MPH)
Top of the 2nd over - 4 runs, 5 hits, 0 errors, 2 left on base; Fresno 4 - Pittsburgh 0
BOTTOM OF THE 2ND
Pittsburgh Pirates batting - Pitching for Fresno Falcons : LHP Lyle Bramlage
Batting: LHB Braylen De Witt 0-0: Ball
1-0: Ball
2-0: Swinging Strike
2-1: Ball
3-1: Foul Ball, location: 7LSF
3-2: Strikes out swinging
Batting: RHB Chet Ross 0-0: Ball
1-0: Called Strike
1-1: Called Strike
1-2: Ball
2-2: Foul Ball, location: 5F
2-2: SINGLE (Line Drive, 56D, EV 100.0 MPH)
Batting: LHB Eric Gehman 0-0: Called Strike
0-1: Ball
1-1: Foul Ball, location: 5SF
1-2: SINGLE (Groundball, 4MD, EV 96.3 MPH)
Chet Ross to second
Runner from 2nd tries for 3rd, SAFE, throw by CF made to third
Batting: LHB Rey Esparza 0-0: Called Strike
0-1: Ball
1-1: Foul Ball, location: 2F
1-2: Foul Ball, location: 2F
1-2: Strikes out looking
Batting: SHB Michael Shatley 0-0: Called Strike
0-1: DOUBLE (Flyball, 8RXD, EV 102.5 MPH)
Chet Ross scores
Eric Gehman to third
Batting: RHB Caleb Phillips 0-0: Called Strike
0-1: Ball
1-1: Ball
2-1: Foul Ball, location: 2F
2-2: Foul Ball, location: 23FF
2-2: Foul Ball, location: 7LSF
2-2: Ball
3-2: Foul Ball, location: 2F
3-2: Fly out, F9 (Flyball, 9LD, EV 95.0 MPH)
Bottom of the 2nd over - 1 run, 3 hits, 0 errors, 2 left on base; Fresno 4 - Pittsburgh 1
TOP OF THE 3RD
Fresno Falcons batting - Pitching for Pittsburgh Pirates : RHP Rubin Morrison
Batting: RHB Apolo Tussey 0-0: Called Strike
0-1: Called Strike
0-2: Ball
1-2: Ball
2-2: Ball
3-2: Foul Ball, location: 9LSF
3-2: Ground out 6-3 (Groundball, 6S, EV 72.5 MPH)
Batting: RHB Eric Alvares 0-0: Ball
1-0: Ball
2-0: Ground out 6-3 (Groundball, 6, EV 98.1 MPH)
Batting: LHB Everett Hardin 0-0: Foul Ball, location: 7LMF
0-1: Fly out, F8 (Flyball, 78D, EV 98.1 MPH)
Top of the 3rd over - 0 runs, 0 hits, 0 errors, 0 left on base; Fresno 4 - Pittsburgh 1
BOTTOM OF THE 3RD
Pittsburgh Pirates batting - Pitching for Fresno Falcons : LHP Lyle Bramlage
Batting: LHB Dan Crain 0-0: Foul Ball, location: 5FF
0-1: Foul Ball, location: 3DF
0-2: Ball
1-2: TRIPLE (Line Drive, 7D, EV 98.8 MPH)
Pitching: RHP Jared Bernath
Batting: RHB David Dudley 0-0: Called Strike
0-1: SINGLE (Groundball, 56, EV 107.5 MPH)
Dan Crain scores
Batting: LHB Jim Lunsford Pickoff Throw to First - Error! E1
David Dudley to second
0-0: Called Strike
0-1: Ball
1-1: Swinging Strike
1-2: Strikes out swinging
Batting: LHB Braylen De Witt 0-0: Ball
1-0: Swinging Strike
1-1: Ball
2-1: Foul Ball, location: 2F
2-2: Strikes out swinging
Batting: RHB Chet Ross 0-0: Called Strike
0-1: Ball
1-1: Foul Ball, location: 2F
1-2: Ball
2-2: Foul Ball, location: 23F
2-2: Ball
3-2: Strikes out swinging
Bottom of the 3rd over - 1 run, 2 hits, 1 error, 1 left on base; Fresno 4 - Pittsburgh 2
TOP OF THE 4TH
Fresno Falcons batting - Pitching for Pittsburgh Pirates : RHP Rubin Morrison
Batting: RHB José Ángel Ayon 0-0: Called Strike
0-1: Foul Ball, location: 2F
0-2: SINGLE (Groundball, 34D, EV 90.6 MPH) (infield hit)
Batting: RHB Dong-Kyoon Shin 0-0: SINGLE (Line Drive, 7S, EV 105.0 MPH)
José Ángel Ayon to second
Batting: RHB Zach Pryor 0-0: Swinging Strike
0-1: Ball
1-1: Sac Bunt to 23 - play at first, batter OUT! 3-4
José Ángel Ayon to third
Dong-Kyoon Shin to second
Batting: RHB Aryan Christopherson 0-0: Fly out, F7 (Flyball, 7, EV 86.9 MPH)
Runner from 3rd tags up, SCORES, no throw by LF
Batting: LHB Juan Oliu 0-0: Called Strike
0-1: Ball
Wild Pitch!
Dong-Kyoon Shin to third
1-1: Ball
2-1: Ball
3-1: SINGLE (Line Drive, 4D, EV 98.1 MPH)
Dong-Kyoon Shin scores
Pitching: RHP Juan Cortez
Batting: LHB Connor Pla 0-0: Ball
1-0: Called Strike
1-1: Fielders Choice at 2nd, 6-4 (Groundball, 4M, EV 100.0 MPH)
Top of the 4th over - 2 runs, 3 hits, 0 errors, 1 left on base; Fresno 6 - Pittsburgh 2
BOTTOM OF THE 4TH
Pittsburgh Pirates batting - Pitching for Fresno Falcons : RHP Jared Bernath
Batting: LHB Eric Gehman 0-0: SOLO HOME RUN (Flyball, 8RXD, EV 102.5 MPH), Distance : 418 ft
Pitching: RHP Emilio Huerta
Batting: LHB Rey Esparza 0-0: Fly out, F7 (Flyball, 78S, EV 95.6 MPH)
Batting: SHB Michael Shatley 0-0: DOUBLE (Groundball, 3L, EV 103.1 MPH)
Batting: RHB Caleb Phillips 0-0: Ball
1-0: Ball
2-0: Foul Ball, location: 5DF
2-1: Ball
3-1: Called Strike
3-2: Ground out 6-3 (Groundball, 6, EV 100.6 MPH)
Batting: LHB Dan Crain 0-0: Called Strike
0-1: Fly out, F8 (Line Drive, 8LM, EV 100.0 MPH)
Bottom of the 4th over - 1 run, 2 hits, 0 errors, 1 left on base; Fresno 6 - Pittsburgh 3
TOP OF THE 5TH
Fresno Falcons batting - Pitching for Pittsburgh Pirates : RHP Juan Cortez
Batting: RHB Apolo Tussey 0-0: Ball
1-0: Fly out, F9 (Flyball, 89M, EV 81.3 MPH)
Batting: RHB Eric Alvares 0-0: Called Strike
0-1: Ball
1-1: Ball
2-1: Swinging Strike
2-2: Strikes out looking
Batting: LHB Everett Hardin 0-0: Ball
1-0: Called Strike
1-1: SOLO HOME RUN (Flyball, 7D, EV 96.9 MPH), Distance : 376 ft
Batting: RHB José Ángel Ayon 0-0: Fly out, F8 (Flyball, 89M, EV 76.9 MPH)
Top of the 5th over - 1 run, 1 hit, 0 errors, 0 left on base; Fresno 7 - Pittsburgh 3
BOTTOM OF THE 5TH
Pittsburgh Pirates batting - Pitching for Fresno Falcons : RHP Emilio Huerta
Pitching: LHP Karson Lenz
Batting: RHB David Dudley 0-0: Ball
1-0: Called Strike
1-1: Fly out, F6 (Line Drive, 6M, EV 65.6 MPH)
Batting: LHB Jim Lunsford 0-0: Fly out, F9 (Flyball, 89S, EV 96.3 MPH)
Batting: LHB Braylen De Witt 0-0: Called Strike
0-1: Ball
1-1: Ball
2-1: Ball
3-1: Swinging Strike
3-2: Strikes out looking
Bottom of the 5th over - 0 runs, 0 hits, 0 errors, 0 left on base; Fresno 7 - Pittsburgh 3
TOP OF THE 6TH
Fresno Falcons batting - Pitching for Pittsburgh Pirates : RHP Juan Cortez
Batting: RHB Dong-Kyoon Shin 0-0: Swinging Strike
0-1: Fly out, F7 (Flyball, 7LS, EV 90.6 MPH)
Batting: RHB Zach Pryor 0-0: Fly out, F7 (Flyball, 7, EV 94.4 MPH)
Batting: RHB Aryan Christopherson 0-0: Ball
1-0: Fly out, F8 (Flyball, 8LM, EV 93.8 MPH)
Top of the 6th over - 0 runs, 0 hits, 0 errors, 0 left on base; Fresno 7 - Pittsburgh 3
BOTTOM OF THE 6TH
Pittsburgh Pirates batting - Pitching for Fresno Falcons : LHP Karson Lenz
Batting: RHB Chet Ross 0-0: Ball
1-0: Ball
2-0: Ball
3-0: Called Strike
3-1: Base on Balls
Batting: LHB Eric Gehman 0-0: Ball
1-0: Ball
2-0: Foul Ball, location: 2F
2-1: Called Strike
2-2: Strikes out looking
Batting: LHB Rey Esparza 0-0: Called Strike
Chet Ross steals 2nd base
0-1: Ball
1-1: DOUBLE (Line Drive, 78M, EV 96.3 MPH)
Chet Ross scores
Batting: SHB Michael Shatley 0-0: Ball
1-0: Called Strike
1-1: Ground out 4-3 (Groundball, 4M, EV 85.0 MPH)
Rey Esparza to third
Batting: RHB Caleb Phillips 0-0: Ground out 1-3 (Groundball, P, EV 73.8 MPH)
Bottom of the 6th over - 1 run, 1 hit, 0 errors, 1 left on base; Fresno 7 - Pittsburgh 4
TOP OF THE 7TH
Fresno Falcons batting - Pitching for Pittsburgh Pirates : RHP Juan Cortez
Pitching: LHP Aroldis Pérez
Batting: LHB Juan Oliu 0-0: Foul Ball, location: 2F
0-1: Called Strike
0-2: Foul Ball, location: 2F
0-2: SINGLE (Line Drive, 9S, EV 89.4 MPH)
Batting: LHB Connor Pla 0-0: Foul Ball, location: 2F
0-1: Foul Ball, location: 2F
0-2: Ball
1-2: Foul Ball, location: 2F
Pickoff Throw to First - Out! 1-3
1-2: Strikes out swinging
Batting: RHB Apolo Tussey 0-0: Called Strike
0-1: Foul Ball, location: 5F
0-2: Strikes out swinging
Top of the 7th over - 0 runs, 1 hit, 0 errors, 0 left on base; Fresno 7 - Pittsburgh 4
BOTTOM OF THE 7TH
Pittsburgh Pirates batting - Pitching for Fresno Falcons : LHP Karson Lenz
Batting: LHB Dan Crain 0-0: Ball
1-0: Foul Ball, location: 2F
1-1: Ground out 6-3 (Groundball, 56, EV 103.8 MPH)
Batting: RHB David Dudley 0-0: Fly out, F9 (Line Drive, 89M, EV 103.8 MPH)
Batting: LHB Jim Lunsford 0-0: Called Strike
0-1: Swinging Strike
0-2: Ball
1-2: Ball
2-2: Ball
3-2: Foul Ball, location: 3SF
3-2: Strikes out swinging
Bottom of the 7th over - 0 runs, 0 hits, 0 errors, 0 left on base; Fresno 7 - Pittsburgh 4
TOP OF THE 8TH
Fresno Falcons batting - Pitching for Pittsburgh Pirates : LHP Aroldis Pérez
Batting: RHB Eric Alvares 0-0: Called Strike
0-1: Foul Ball, location: 25FF
0-2: Strikes out swinging
Batting: LHB Everett Hardin 0-0: Swinging Strike
0-1: Ball
1-1: Called Strike
1-2: Ball
2-2: Strikes out looking
Batting: RHB José Ángel Ayon 0-0: Swinging Strike
0-1: Swinging Strike
0-2: Ball
1-2: Foul Ball, location: 3FF
1-2: Ball
2-2: Strikes out swinging
Top of the 8th over - 0 runs, 0 hits, 0 errors, 0 left on base; Fresno 7 - Pittsburgh 4
BOTTOM OF THE 8TH
Pittsburgh Pirates batting - Pitching for Fresno Falcons : LHP Karson Lenz
Pitching: RHP Jaden Vinson
Batting: LHB Braylen De Witt 0-0: Ball
1-0: Called Strike
1-1: Ground out 6-3 (Groundball, 6, EV 99.4 MPH)
Batting: RHB Chet Ross 0-0: Ball
1-0: Ball
2-0: Ball
3-0: Base on Balls
Batting: LHB Eric Gehman 0-0: Ball
1-0: Fly out, F7 (Flyball, 78D, EV 101.9 MPH)
Batting: LHB Rey Esparza 0-0: Ball
1-0: Called Strike
1-1: Ball
2-1: Ground out U3 (Groundball, 3L, EV 98.8 MPH)
Bottom of the 8th over - 0 runs, 0 hits, 0 errors, 1 left on base; Fresno 7 - Pittsburgh 4
TOP OF THE 9TH
Fresno Falcons batting - Pitching for Pittsburgh Pirates : LHP Aroldis Pérez
Pitching: LHP J.R. Thornock
Batting: RHB Dong-Kyoon Shin 0-0: Called Strike
0-1: Ball
1-1: Fly out, F8 (Flyball, 8LD, EV 88.8 MPH)
Batting: RHB Zach Pryor 0-0: Ball
1-0: Called Strike
1-1: Ball
2-1: Swinging Strike
2-2: Strikes out swinging
Batting: RHB Aryan Christopherson 0-0: Ball
1-0: Ball
2-0: Called Strike
2-1: SINGLE (Line Drive, 89S, EV 96.3 MPH)
Batting: LHB Juan Oliu 0-0: Ball
1-0: Foul Ball, location: 25FF
1-1: Ball
2-1: Swinging Strike
2-2: Strikes out swinging
Top of the 9th over - 0 runs, 1 hit, 0 errors, 1 left on base; Fresno 7 - Pittsburgh 4
BOTTOM OF THE 9TH
Pittsburgh Pirates batting - Pitching for Fresno Falcons : RHP Jaden Vinson
Pitching: RHP Gregg Walters
Batting: SHB Michael Shatley 0-0: Ball
1-0: Foul Ball, location: 3SF
1-1: Ball
2-1: Foul Ball, location: 2F
2-2: Ball
3-2: Base on Balls
Batting: RHB Caleb Phillips 0-0: Called Strike
0-1: SINGLE (Flyball, 4D, EV 95.6 MPH)
Michael Shatley to second
Batting: LHB Dan Crain 0-0: Called Strike
0-1: Swinging Strike
0-2: DOUBLE (Line Drive, 9LS, EV 110.6 MPH)
Michael Shatley scores
Caleb Phillips to third
Batting: RHB David Dudley 0-0: Fielders Choice at home, 5-2 (Groundball, 56S, EV 81.3 MPH)
Dan Crain to third
Batting: LHB Jim Lunsford 0-0: Called Strike
0-1: Grounds into double play, 1-6-3 (Groundball, P, EV 63.1 MPH)
Bottom of the 9th over - 1 run, 2 hits, 0 errors, 1 left on base; Fresno 7 - Pittsburgh 5
Sunday, March 24th , 2024 - OOTP Baseball 24.11 Build 85